 Dungeon Crawl Stone Soup version 0.21.1-1-g345015f (webtiles) character file.

79476 theElss the Peltast (level 15, 0/145 HPs)
             Began as a Gargoyle Berserker on May 9, 2018.
             Was the Champion of Trog.
             Slain by Rupert
             ... wielding a +3 great sword of holy wrath
              (18 damage)
             ... on level 2 of the Orcish Mines on May 12, 2018.
             The game lasted 01:25:41 (27793 turns).

theElss the Peltast (Gargoyle Berserker)           Turns: 27793, Time: 01:25:42

Health: 0/145      AC: 25    Str: 30    XL:     15   Next: 63%
Magic:  5/5        EV: 15    Int:  8    God:    Trog [******]
Gold:   2104       SH: 15    Dex: 14    Spells: 14/14 levels left

rFire    + . .     SeeInvis .   v - +2 eveningstar (antimagic)
rCold    . . .     Gourm    .   e - +0 shield
rNeg     + + .     Faith    +   B - +1 scale mail {rF+}
rPois    ∞         Spirit   .   h - +1 helmet
rElec    +         Reflect  .   (no cloak)
rCorr    .         Harm     .   (no gloves)
MR       +....                  y - +0 pair of boots
Stlth    ..........             k - amulet of faith
HPRegen  0.34/turn              O - +3 ring of dexterity
MPRegen  0.09/turn              F - ring of positive energy

@: berserking (expiring), flying, very quick
A: big wings, negative energy resistance 1, electricity resistance, unbreathing,
petrification resistance, rot immunity, AC +11
a: Stop Flying, Berserk, Trog's Hand, Brothers in Arms, Burn Spellbooks,
Renounce Religion


You were on level 2 of the Orcish Mines.
You worshipped Trog.
Trog was exalted by your worship.
You were near starving.

You visited 3 branches of the dungeon, and saw 21 of its levels.

You collected 2104 gold pieces.

Inventory:

Hand Weapons
 a - the +3 whip of Nugil {holy, *Slow rElec rPois}
   (You took it off an orc on level 7 of the Dungeon)

   It has been blessed by the Shining One to cause great damage to the undead
   and demons.
   It insulates you from electricity.
   It protects you from poison.
   It may slow you when you take damage.
 b - a +0 hand crossbow
 v - a +2 antimagic eveningstar (weapon)
Armour
 e - a +0 shield (worn)
 h - a +1 helmet (worn)
 y - a +0 pair of boots (worn)
 B - a +1 scale mail of fire resistance (worn)
Jewellery
 k - an amulet of faith (around neck)
 F - a ring of positive energy (right hand)
 J - the amulet "Mepsot" {Regen+ Stlth+, unknown}
   (You took it off a red devil on level 6 of the Lair of Beasts)

   [amulet of regeneration]

   It increases your rate of regeneration.
   It makes you more stealthy.
 K - an uncursed ring of ice
 O - a +3 ring of dexterity (left hand)
Wands
 o - a wand of enslavement (46)
 r - a wand of acid (8)
 x - a wand of flame (70)
 D - a wand of random effects (44)
 P - a wand of digging (12)
Scrolls
 d - a scroll of acquirement
 f - 10 scrolls of remove curse
 m - 4 scrolls of blinking
 n - 6 scrolls of magic mapping
 p - a scroll of vulnerability
 t - 8 scrolls of teleportation
 u - 4 scrolls of enchant armour
 z - a scroll of brand weapon
 A - 2 scrolls of enchant weapon
 C - 2 scrolls of fog
 G - 3 scrolls of holy word
 L - 5 scrolls of immolation
 M - 6 scrolls of fear
 Z - a scroll of silence
Potions
 g - 3 potions of agility
 i - 6 potions of haste
 j - 6 potions of heal wounds
 l - 11 potions of curing
 q - 2 potions of cancellation {unknown}
 w - a potion of lignification {unknown}
 I - 3 potions of mutation {unknown}
 N - 6 potions of might
 Q - 4 potions of flight
 R - a potion of berserk rage {unknown}
 V - 2 potions of magic {unknown}
 X - 2 potions of resistance {unknown}
Books
 T - the Almanac of Captivating Poisoning
   (You found it on level 1 of the Lair of Beasts)

   Spells                             Type                      Level
   a - Sting                          Conjuration/Poison           1
   b - Corona                         Hexes                        1
   c - Slow                           Hexes                        2
   d - Dazzling Spray                 Conjuration/Hexes            3
   e - Yara's Violent Unravelling     Hexes/Transmutation          5
   Trog disapproves of the use of such an item.
 U - a book of the Sky

   Spells                             Type                      Level
   a - Summon Lightning Spire         Summoning/Air                4
   b - Silence                        Hexes/Air                    5
   c - Deflect Missiles               Charms/Air                   6
   d - Conjure Ball Lightning         Conjuration/Air              6
   e - Tornado                        Air                          9
   Trog disapproves of the use of such an item.
 W - a book of Transfigurations

   Spells                             Type                      Level
   a - Irradiate                      Conjuration/Transmutation    5
   b - Statue Form                    Transmutation/Earth          6
   c - Hydra Form                     Transmutation                6
   d - Dragon Form                    Transmutation                7
   Trog disapproves of the use of such an item.
Comestibles
 c - 23 rations
 s - 14 chunks of flesh


   Skills:
 + Level 12.7 Fighting
 + Level 14.4 Maces & Flails
 * Level 0.6 Crossbows
 + Level 10.5 Armour
 + Level 7.7 Dodging
 + Level 4.0 Stealth
 - Level 16.0 Shields
 * Level 0.4 Evocations


You had 14 spell levels left.
You didn't know any spells.

Dungeon Overview and Level Annotations

Branches:
Dungeon (13/15)            Temple (0/1) D:6            Lair (6/6) D:9
  Swamp (0/4) Lair:4        Snake (0/4) Lair:2        Slime (0/5) Lair:6
    Orc (2/2) D:9             Elf (0/3) Orc:2
 Vaults: D:13-14

Altars:
Ashenzari
Fedhas
Gozag
Hepliaklqana
Kikubaaqudgha
Makhleb
Nemelex Xobeh
Ru
Uskayaw
Vehumet
Xom
Zin
The Shining One

Shops:
D:12 =   D:13 *   Orc:2 }*

Portals:
Hell: Lair:6

Annotations:
Orc:2 Rupert


Innate Abilities, Weirdness & Mutations

You are resistant to torment.
Your stone body is resilient. (AC +11)
You are immune to poison.
Your large and strong wings let you fly indefinitely.
You resist negative energy. (rN+)
You are resistant to electric shocks. (rElec)
You can survive without breathing.
You are immune to petrification.
You are immune to rotting.


Message History

You puncture Rupert!
Rupert's magic leaks into the air.
Rupert is moderately wounded.
Rupert hits you with a great sword of holy wrath!!!
* * * LOW HITPOINT WARNING * * *
You barely miss Rupert.
Rupert is moderately wounded.
You hit Rupert.
Rupert's magic leaks into the air.
Rupert is moderately wounded.
You block Rupert's attack.
You closely miss Rupert.
Rupert is moderately wounded.
Rupert hits you with a great sword of holy wrath!!
* * * LOW HITPOINT WARNING * * *
You block the orc's attack.
You closely miss Rupert.
Rupert is moderately wounded.
You barely miss Rupert.
Rupert is moderately wounded.
Rupert hits you with a great sword of holy wrath!!
You die...

....##...#...##......###.#
..............#........##.##
>....##O.....###..#........##
.....##.O.....##...#.#.##.#.##
... #..........##.#...###....#
..#.......O.o.####.....#....#.
. ..........O.###.....#...##..
..#.....Oo@##.#)........#...
..........#@...#)..##....#..
..........o..#...##....##..
...........)..#.##.....##..
.............#####........
.#............# ###...#..
..........#.$..# #..)....
...............# #.))....
...............##..#..#.
..............##...###..


You could see Rupert (berserk), 4 two-headed ogres, an ogre and 3 orcs.

Vanquished Creatures
  Gastronok (Lair:1)
  An orc warlord (D:9)
  2 dire elephants (Lair:6)
  A fire dragon (D:11)
  Josephine (D:10)
  Erolcha (D:11)
  Fannar (D:12)
  An ice dragon (Lair:6)
  Harold (Orc:1)
  7 hydras
  7 two-headed ogres
  A death knight (D:12)
  5 death yaks
  A sun demon (Lair:6)
  Urug (Lair:2)
  The ghost of Zebulonius the Severer, a novice MiBe of Trog (D:8)
  2 wizards
  3 orc knights
  A wolf spider zombie (D:11)
  3 cyclopes
  3 oklob plants (Lair:1)
  A manticore (D:11)
  An ugly thing (D:11)
  17 elephants
  5 black mambas
  3 gargoyles
  A smoke demon (Lair:6)
  An orange demon (Lair:6)
  16 spiny frogs
  4 komodo dragons
  A yaktaur (D:11)
  3 rime drakes
  3 freezing wraiths (D:12)
  2 ice devils (Lair:6)
  2 red devils (Lair:6)
  The ghost of equalderp2856 the Shield-Bearer, an amateur MiFi (D:4)
  3 polar bears
  3 tyrant leeches
  Grinder (D:3)
  8 trolls
  2 hornets
  14 blink frogs
  8 hippogriffs
  Sigmund (D:2)
  49 yaks
  A human (D:11)
  4 basilisks
  6 wraiths (D:10)
  3 wyverns
  2 hogs (D:11)
  A hungry ghost (D:11)
  A steam dragon (Lair:5)
  2 nagas (Lair:2)
  6 wargs
  3 soldier ants
  9 swamp worms
  An acid dragon (D:13)
  11 water moccasins
  4 hell hounds (Lair:6)
  5 porcupines
  5 ice beasts
  5 sky beasts
  13 orc warriors
  2 black bears
  An eye of draining (D:12)
  5 wolves (Lair:3)
  3 centaurs
  14 crocodiles
  10 ogres
  3 big kobolds
  19 bullfrogs
  A gnoll sergeant (D:9)
  A water moccasin zombie (D:8)
  2 scorpions (D:7)
  2 wyvern skeletons
  6 wights
  2 electric eels
  6 howler monkeys
  5 crimson imps
  5 centaur zombies
  10 jellies
  3 centaur skeletons
  4 hounds
  4 bullfrog skeletons
  14 orc priests
  6 iguanas
  5 hell rats (Lair:5)
  18 orc wizards
  14 worker ants
  4 hound skeletons
  A howler monkey zombie (D:7)
  6 gnolls (D:9)
  9 adders
  9 shadow imps
  2 oozes (Lair:6)
  2 adder skeletons
  An adder zombie (D:9)
  15 worms
  A dart slug (D:2)
  9 leopard geckos
  64 orcs
  A ball python (D:3)
  8 bats
  5 giant cockroaches
  13 goblins
  7 hobgoblins
  2 jackals (D:2)
  4 quokkas
  5 frilled lizards
  23 kobolds
  4 rats
  2 plants
639 creatures vanquished.

Vanquished Creatures (collateral kills)
  The ghost of Rhok the Warrior, a journeyman HOFi of Okawaru (Orc:2)
  An orc (Orc:2)
2 creatures vanquished.

Vanquished Creatures (others)
  A water moccasin (Lair:5)
  An orc (D:4)
  A bat (D:3)
  7 fungi
  12 plants
22 creatures vanquished.

Grand Total: 663 creatures vanquished

Notes
Turn   | Place    | Note
-------+----------+-------------------------------------------
     0 | D:1      | theElss the Gargoyle Berserker began the quest for the Orb.
     0 | D:1      | Reached XP level 1. HP: 14/14 MP: 1/1
   255 | D:1      | Reached XP level 2. HP: 10/19 MP: 2/2
  1413 | D:2      | Reached XP level 3. HP: 24/24 MP: 3/3
  1672 | D:2      | Reached ** piety under Trog
  1791 | D:2      | Noticed Sigmund
  1959 | D:2      | Reached XP level 4. HP: 24/29 MP: 4/4
  2157 | D:2      | Killed Sigmund
  2157 | D:2      | Reached skill level 1 in Stealth
  2157 | D:2      | Reached XP level 5. HP: 33/33 MP: 5/5
  2450 | D:3      | Noticed Grinder
  2453 | D:3      | Paralysed by Grinder for 7 turns
  2470 | D:3      | Killed Grinder
  2470 | D:3      | Reached skill level 5 in Maces & Flails
  2470 | D:3      | Reached XP level 6. HP: 33/39 MP: 6/6
  2505 | D:3      | Found a burning altar of Makhleb.
  2543 | D:3      | Reached XP level 7. HP: 44/44 MP: 7/7
  2546 | D:3      | Found a sparkling altar of Nemelex Xobeh.
  2607 | D:3      | Found an opulent altar of Gozag.
  2637 | D:3      | Reached *** piety under Trog
  2743 | D:3      | Found a sacrificial altar of Ru.
  3140 | D:4      | Noticed equalderp2856's ghost (amateur MiFi)
  3150 | D:4      | Killed equalderp2856's ghost
  3150 | D:4      | Reached skill level 5 in Fighting
  3234 | D:4      | Reached XP level 8. HP: 49/49 MP: 8/8
  3393 | D:4      | Received a gift from Trog
  3726 | D:5      | Entered Level 5 of the Dungeon
  4251 | D:5      | Reached XP level 9. HP: 52/55 MP: 9/9
  4618 | D:6      | Reached **** piety under Trog
  4633 | D:6      | Found a glowing golden altar of the Shining One.
  4634 | D:6      | Found a hide-covered altar of Uskayaw.
  4764 | D:6      | Found a staircase to the Ecumenical Temple.
  4824 | D:6      | Found a radiant altar of Vehumet.
  4832 | D:6      | Found a shattered altar of Ashenzari.
  4833 | D:6      | Found a glowing silver altar of Zin.
  5325 | D:7      | Reached skill level 10 in Maces & Flails
  5453 | D:7      | Found a blossoming altar of Fedhas.
  5454 | D:7      | Found an ancient bone altar of Kikubaaqudgha.
  5788 | D:7      | Reached XP level 10. HP: 61/63 MP: 10/10
  5815 | D:7      | Reached skill level 5 in Armour
  5823 | D:7      | Got a blackened whip {holy}
  5824 | D:7      | Identified the +3 whip of Nugil {holy, *Slow rElec rPois} (You took it off an orc on level 7 of the Dungeon)
  6213 | D:7      | Identified a scroll of acquirement
  6249 | D:8      | Noticed a two-headed ogre
  6257 | D:8      | Killed a two-headed ogre
  6257 | D:8      | Reached skill level 1 in Shields
  6456 | D:8      | Noticed a two-headed ogre
  6469 | D:8      | Killed a two-headed ogre
  6469 | D:8      | Reached skill level 2 in Shields
  6523 | D:8      | Reached ***** piety under Trog
  6683 | D:8      | Noticed Zebulonius's ghost (novice MiBe)
  6719 | D:8      | Killed Zebulonius's ghost
  6719 | D:8      | Reached skill level 3 in Shields
  6853 | D:8      | Noticed a two-headed ogre
  7532 | D:8      | Killed a two-headed ogre
  7532 | D:8      | Reached XP level 11. HP: 68/68 MP: 11/11
  8046 | D:9      | Reached skill level 4 in Shields
  8080 | D:9      | Received a gift from Trog
  8117 | D:9      | Found a hazy altar of Hepliaklqana.
  8118 | D:9      | Found a shimmering altar of Xom.
  8335 | D:9      | Noticed a death yak
  8336 | D:9      | Noticed a death yak
  8336 | D:9      | Noticed a death yak
  8336 | D:9      | Noticed a death yak
  8337 | D:9      | Noticed a death yak
  8337 | D:9      | Noticed a death yak
  8338 | D:9      | Noticed a death yak
  8339 | D:9      | Noticed a death yak
  8356 | D:9      | Killed a death yak
  8369 | D:9      | Killed a death yak
  8500 | D:9      | Found a staircase to the Orcish Mines.
  8519 | D:9      | Found a staircase to the Lair.
  8633 | D:8      | Killed a death yak
  8633 | D:8      | Reached skill level 5 in Shields
  8643 | D:8      | Killed a death yak
  8881 | D:9      | Killed a death yak
  8881 | D:9      | Reached skill level 5 in Dodging
  9374 | D:10     | Entered Level 10 of the Dungeon
  9619 | D:10     | Noticed a two-headed ogre
  9632 | D:10     | Killed a two-headed ogre
  9632 | D:10     | Reached skill level 6 in Shields
  9994 | D:10     | Noticed Josephine
 10009 | D:10     | Killed Josephine
 10009 | D:10     | Reached XP level 12. HP: 76/76 MP: 12/12
 10016 | D:10     | Reached skill level 7 in Shields
 10699 | D:11     | Noticed Erolcha
 10709 | D:11     | Killed Erolcha
 10738 | D:11     | Noticed a two-headed ogre
 10747 | D:11     | Reached skill level 10 in Fighting
 10809 | D:11     | Killed a two-headed ogre
 10843 | D:11     | Reached skill level 8 in Shields
 11046 | D:11     | Noticed a fire dragon
 11092 | D:11     | Killed a fire dragon
 11373 | D:11     | Got a warped scale mail
 11401 | D:11     | Identified the cursed +1 scale mail of Loss {MP+9 Stlth+} (You found it on level 11 of the Dungeon)
 11981 | D:11     | Reached skill level 9 in Shields
 12329 | D:12     | Noticed a death knight
 12815 | D:12     | Killed a death knight
 12815 | D:12     | Reached XP level 13. HP: 83/83 MP: 13/13
 12865 | D:12     | Found Fuxkeoge's Jewellery Shoppe.
 12894 | D:12     | Noticed Fannar
 12919 | D:12     | Killed Fannar
 12919 | D:12     | Reached skill level 10 in Shields
 13473 | D:12     | Received a gift from Trog
 13833 | D:13     | Found a hide-covered altar of Uskayaw.
 14165 | D:13     | Reached skill level 11 in Shields
 14414 | D:13     | Found Eneseq's Assorted Antiques.
 15160 | Lair:1   | Entered Level 1 of the Lair of Beasts
 15539 | Lair:1   | Noticed Gastronok
 15563 | Lair:1   | Killed Gastronok
 16284 | Lair:1   | Identified the Almanac of Captivating Poisoning
 16658 | Lair:2   | Found a staircase to the Snake Pit.
 16700 | Lair:2   | Reached skill level 12 in Shields
 16946 | Lair:2   | Noticed Urug
 16960 | Lair:2   | Killed Urug
 17814 | Lair:3   | Gained mutation: Your large and strong wings let you fly indefinitely. [Gargoyle growth]
 17814 | Lair:3   | Reached XP level 14. HP: 84/90 MP: 14/14
 18922 | Lair:4   | Reached skill level 13 in Shields
 19017 | Lair:3   | Reached skill level 10 in Armour
 19630 | Lair:4   | Found a staircase to the Swamp.
 20281 | Lair:5   | Received a gift from Trog
 21299 | Lair:5   | Reached skill level 14 in Shields
 21871 | Lair:6   | Entered Level 6 of the Lair of Beasts
 22865 | Lair:5   | Reached ****** piety under Trog
 22865 | Lair:5   | Received a gift from Trog
 23683 | Lair:6   | Reached XP level 15. HP: 52/97 MP: 15/15
 23883 | Lair:6   | Found a staircase to the Slime Pits.
 24343 | Lair:6   | Reached skill level 15 in Shields
 25643 | Lair:6   | Found a burning altar of Makhleb.
 25920 | Lair:6   | Received a gift from Trog
 26189 | Lair:6   | Found a gateway to Hell.
 26199 | Lair:6   | Got an ancient diamond amulet
 26408 | Orc:1    | Entered Level 1 of the Orcish Mines
 26408 | Orc:1    | Noticed an orc warlord
 26571 | D:9      | Killed an orc warlord
 26646 | Orc:1    | Noticed Harold
 26657 | Orc:1    | Killed Harold
 26789 | Orc:1    | Reached skill level 16 in Shields
 27285 | Orc:2    | Entered Level 2 of the Orcish Mines
 27288 | Orc:2    | Found Nilaas's General Store.
 27482 | Orc:2    | Noticed Rhok's ghost (journeyman HOFi)
 27540 | Orc:2    | Killed Rhok's ghost
 27768 | Orc:2    | Found Ybosan's Gadget Shop.
 27770 | Orc:2    | Noticed Rupert
 27771 | Orc:2    | Found a staircase to the Elven Halls.
 27771 | Orc:2    | Paralysed by Rupert for 4 turns
 27793 | Orc:2    | Slain by Rupert

Skill      XL: |  1  2  3  4  5  6  7  8  9 10 11 12 13 14 15 |
---------------+----------------------------------------------+-----
Dodging        | 2 3 4 5 6 7 |  7.7
Fighting       | 4 5 6 7 8 9 10 11 12 | 12.7
Maces & Flails | 4 5 7 9 10 12 13 14 | 14.4
Stealth        | 1 2 3 4 |  4.0
Armour         | 4 6 8 9 10 | 10.5
Shields        | 3 6 9 12 14 16 | 16.0
Crossbows      | |  0.6
Evocations     | |  0.4

Action                   |  1- 3 |  4- 6 |  7- 9 | 10-12 | 13-15 || total
-------------------------+-------+-------+-------+-------+-------++-------
Melee: Mace              |   117 |    33 |       |       |       ||   150
       Dire flail        |       |    38 |   329 |    22 |       ||   389
       Whip              |       |       |       |  1019 |  2873 ||  3892
       Eveningstar       |       |       |       |       |   265 ||   265
Invok: Berserk           |     3 |     2 |     2 |    17 |    20 ||    44
       Trog's Hand       |       |       |       |     1 |     1 ||     2
       Brothers in Arms  |       |       |       |       |     1 ||     1
 Abil: Fly               |       |       |       |       |     1 ||     1
  Use: Scroll            |       |       |       |    22 |     9 ||    31
 Stab: Sleeping          |       |     1 |       |     1 |     1 ||     3
  Eat: Chunk             |     6 |     4 |    12 |    21 |    52 ||    95
       Ration            |       |       |       |     5 |     5 ||    10
Armor: Animal skin       |    38 |     9 |       |       |       ||    47
       Ring mail         |       |    17 |   117 |     4 |       ||   138
       Scale mail        |       |       |       |   227 |   657 ||   884
Dodge: Dodged            |    95 |    46 |   170 |   212 |   750 ||  1273
Block: Buckler           |       |       |       |    18 |       ||    18
       Shield            |       |       |       |   230 |  1299 ||  1529
